 Dungeon Crawl Stone Soup version bcrawl-1.12-11-gb93c957c58 (console) character file.

Game seed: 12534311412411863397

70 Lexodia the Sneak (level 4, -1/36 HPs)
             Began as an Oni Archaeologist on July 3, 2019.
             Slain by Terence
             ... wielding a +0 short sword
              (3 damage)
             ... on level 2 of the Dungeon.
             The game lasted 00:03:58 (1908 turns).

Lexodia the Sneak (Oni Archaeologist)               Turns: 1908, Time: 00:03:58

Health: -1/36      AC:  8    Str: 15    XL:     4   Next: 22%
Magic:  5/8        EV: 12    Int: 16    God:
Gold:   73         SH:  0    Dex:  9    Spells: 3/5 levels left

rFire    . . .     SeeInvis .   h - +0 whip
rCold    . . .     Gourm    .   (no shield)
rNeg     . . .     Faith    .   a - +1 animal skin
rPois    .         Spirit   .   b - +1 hat
rElec    .         Reflect  .   (no cloak)
rCorr    .         Harm     .   d - +1 pair of gloves
MR       .....                  c - +1 pair of boots
Stlth    ++........             (no amulet)
HPRegen  0.12/turn              (no ring)
MPRegen  0.11/turn              (no ring)

@: very slightly contaminated, studying Spellcasting
A: oni magic, claws 1, fangs 1, horns 1
a: no special abilities


You were on level 2 of the Dungeon.
You were hungry.

You visited 1 branch of the dungeon, and saw 2 of its levels.

You collected 73 gold pieces.

Inventory:

Hand Weapons
 h - a +0 whip (weapon)
Armour
 a - a +1 animal skin (worn)
 b - a +1 hat (worn)
 c - a +1 pair of boots (worn)
 d - a +1 pair of gloves (worn)
Scrolls
 k - a scroll of remove curse {unknown}
 m - 2 scrolls of identify {unknown}
 n - a scroll of fear {unknown}
 p - 2 scrolls of enchant armour {unknown}
 r - a scroll of magic mapping {unknown}
 s - a scroll of blinking {unknown}
 t - a scroll of amnesia {unknown}
Potions
 i - a potion of degeneration {unknown}
 j - a potion of ambrosia {unknown}
 l - a potion of curing {unknown}
 o - a potion of haste {unknown}
Books
 e - a manual of Spellcasting
Miscellaneous
 f - an ancient crate
Comestibles
 g - 4 rations {!d}
 q - 7 chunks of flesh


   Skills:
 + Level 1.8 Fighting
 * Level 2.2 Maces & Flails
 - Level 3.0 Dodging
 - Level 3.0 Stealth
 * Level 1.3 Spellcasting


You had 3 spell levels left.
You knew the following spells:

 Your Spells              Type           Power        Failure   Level  Hunger
a - Ensorcelled Hibernat  Hex/Ice        #.....       19%         2    ###....

Your spell library contained the following spells:

 Spells                   Type           Power        Failure   Level  Hunger
 Animate Skeleton         Necr           N/A          12%         1    ##.....


Dungeon Overview and Level Annotations

Branches:
Dungeon (2/12)

Altars:
Wu Jian
Xom

Annotations:
D:2 Terence


Innate Abilities, Weirdness & Mutations

You learn spells by gaining experience, not through books or religion.
You only train spellcasting to practice magic.
You have sharp fingernails.
You have very sharp teeth.
You have a pair of small horns on your head.


Message History

Terence is severely wounded.
Terence closely misses you.
You closely miss Terence. Your headbutt misses Terence.
Terence is severely wounded.
Terence hits you but does no damage.
You barely miss Terence. Your bite misses Terence.
Terence is severely wounded.
Terence hits you with a +0 short sword.
* * * LOW HITPOINT WARNING * * *
You hit Terence but do no damage.
Terence is severely wounded.
Terence hits you with a +0 short sword.
* * * LOW HITPOINT WARNING * * *
You hit Terence but do no damage.
Terence is severely wounded.
Terence completely misses you.
You hit Terence.
Terence is almost dead.
Terence hits you with a +0 short sword.
You die...

# #^.# # ##.# #
#.# # #.# # #.#
# #.# # #.# #.#
.######### #@#
.......#.## #@#
.........)####w#
...###[..w...#.#
#.#......รท#
####......#
##.....# ###..##
####


You could see Terence and a worm.

Vanquished Creatures
  Jessica (D:2)
  An ooze (D:2)
  4 leopard geckos
  A giant cockroach (D:2)
  3 goblins
  3 hobgoblins (D:2)
  3 jackals (D:2)
  A quokka (D:2)
  4 frilled lizards
  9 kobolds
  4 rats (D:1)
34 creatures vanquished.

Notes
Turn   | Place    | Note
-------+----------+-------------------------------------------
     0 | D:1      | Lexodia the Oni Archaeologist began the quest for the Orb.
     0 | D:1      | Reached XP level 1. HP: 16/16 MP: 3/3
   248 | D:2      | Reached XP level 2. HP: 7/23 MP: 4/4
   479 | D:1      | Reached skill level 1 in Maces & Flails
  1155 | D:1      | Reached XP level 3. HP: 26/28 MP: 5/5
  1258 | D:2      | Noticed Jessica
  1268 | D:2      | Killed Jessica
  1334 | D:2      | Reached skill level 1 in Spellcasting
  1353 | D:2      | Found an ornate altar of the Wu Jian Council.
  1443 | D:2      | Reached XP level 4. HP: 36/36 MP: 7/7
  1454 | D:2      | Learned a level 2 spell: Ensorcelled Hibernation
  1661 | D:2      | Found a faded altar of an unknown god.
  1800 | D:2      | Found a shimmering altar of Xom.
  1844 | D:2      | Noticed Terence
  1906 | D:2      | HP: 1/36 [Terence/+0 short sword (3)]
  1908 | D:2      | Slain by Terence

Skill      XL: |  1  2  3 |
---------------+----------+-----
Maces & Flails | 1 2 |  2.2
Stealth        | 3 |  3.0
Dodging        | 3 |  3.0
Spellcasting   | 1 |  1.3
Fighting       | |  1.8

Action                   |  1- 3 |  4- 6 || total
-------------------------+-------+-------++-------
Melee: Whip              |    99 |    59 ||   158
       Unarmed           |    14 |       ||    14
       Bite              |     8 |     5 ||    13
       Headbutt          |     5 |     8 ||    13
 Cast: Ensorcelled Hiber |       |     5 ||     5
 Stab: Sleeping          |     2 |     4 ||     6
       Distracted        |     1 |       ||     1
  Eat: Chunk             |     2 |     1 ||     3
Armor: Animal skin       |    36 |    23 ||    59
Dodge: Dodged            |    71 |    35 ||   106
